[ AOE2 MATCH · #495292441 ]
UnrankedPersians vs Mongols
Player's team · LOSS
Rival team · WIN
[ REPLAY ANALYSIS · EXTRACTED FROM THE RECORDED GAME ]
Feudal
10:08
Castle
24:26
Imperial
41:09
| APM avg | 29.6 |
| APM peak | 85 |
| eAPM avg | 16.9 |
| Villagers / military | 133 / 78 |
Focus
⚔️ 23.8% · 🌾 76.2%
Spearman ×48 · Archer ×14 · Scout Cavalry ×8 · Camel Scout ×4 · Battering Ram ×4
Feudal
10:08
Castle
15:48
Imperial
37:38
| APM avg | 36.3 |
| APM peak | 70 |
| eAPM avg | 16.6 |
| Villagers / military | 134 / 61 |
Focus
⚔️ 23.2% · 🌾 76.8%
Steppe Lancer ×26 · Mangudai ×11 · Knight ×9 · Spearman ×4 · Trebuchet (Packed) ×4 · Monk ×3
Match map
Initial resources + every placement click. Lines = walls · curves = elevation contours. ◆ gold · ⬟ stone · ● berries · ✦ relic · ◌ wall gap
Your base· Open — 4t gap
肉蒲豚's base· Open — unwalled flank
Smoothed initial terrain · ◌ = detected wall gap · hover for details
Inputs per minute
— males - - 肉蒲豚
Build order — males
First 150 of 316 actions detected
| 0:02 | Build | House |
| 0:04 | Build | House |
| 0:04 | Create | Villager (Male) |
| 0:05 | Create | Villager (Male) |
| 0:05 | Create | Villager (Male) |
| 0:28 | Create | Villager (Male) |
| 0:28 | Create | Villager (Male) |
| 0:28 | Create | Villager (Male) |
| 1:25 | Create | Villager (Male) |
| 1:25 | Create | Villager (Male) |
| 1:43 | Build | Lumber Camp |
| 2:00 | Create | Villager (Male) |
| 2:09 | Build | House |
| 2:11 | Build | House |
| 2:16 | Build | House |
| 2:21 | Create | Villager (Male) |
| 2:51 | Create | Villager (Male) |
| 2:51 | Create | Villager (Male) |
| 3:01 | Create | Villager (Male) |
| 3:36 | Create | Villager (Male) |
| 3:36 | Create | Villager (Male) |
| 4:04 | Create | Villager (Male) |
| 4:58 | Create | Villager (Male) |
| 4:58 | Create | Villager (Male) |
| 4:59 | Create | Villager (Male) |
| 4:59 | Create | Villager (Male) |
| 5:09 | Create | Villager (Male) |
| 5:10 | Create | Villager (Male) |
| 5:10 | Create | Villager (Male) |
| 5:10 | Create | Villager (Male) |
| 5:50 | Create | Villager (Male) |
| 5:50 | Create | Villager (Male) |
| 6:29 | Build | Mill |
| 6:53 | Build | Mill |
| 8:04 | Research | Feudal Age |
| 8:04 | Research | Feudal Age |
| 8:15 | Build | Barracks |
| 8:32 | Create | Villager (Male) |
| 8:32 | Create | Villager (Male) |
| 8:35 | Build | House |
| 8:42 | Build | Palisade Wall |
| 8:44 | Build | Palisade Gate |
| 8:55 | Build | Farm |
| 8:59 | Build | Farm |
| 9:40 | Create | Villager (Male) |
| 9:53 | Build | House |
| 9:59 | Build | Farm |
| 10:08 | Age | Feudal Age |
| 10:09 | Create | Villager (Male) |
| 10:21 | Build | Stable |
| 10:24 | Create | Villager (Male) |
| 10:28 | Research | Double-Bit Axe |
| 10:28 | Research | Double-Bit Axe |
| 10:38 | Create | Villager (Male) |
| 10:44 | Research | Loom |
| 10:49 | Create | Villager (Male) |
| 10:49 | Create | Villager (Male) |
| 10:49 | Create | Villager (Male) |
| 10:49 | Create | Villager (Male) |
| 11:14 | Build | House |
| 11:21 | Build | House |
| 11:22 | Build | House |
| 11:25 | Create | Scout Cavalry ×5 |
| 11:40 | Build | Farm |
| 11:43 | Create | Villager (Male) |
| 11:46 | Build | Farm |
| 11:52 | Build | House |
| 12:00 | Build | Palisade Wall |
| 12:13 | Build | Mining Camp |
| 12:19 | Create | Villager (Male) |
| 12:23 | Create | Villager (Male) |
| 12:35 | Build | Farm |
| 12:44 | Create | Villager (Male) |
| 12:45 | Create | Villager (Male) |
| 13:36 | Create | Villager (Male) |
| 13:39 | Build | Farm |
| 13:40 | Build | Farm |
| 13:42 | Create | Villager (Male) |
| 13:42 | Create | Villager (Male) |
| 13:46 | Build | Blacksmith |
| 13:47 | Build | House |
| 13:48 | Build | House |
| 13:51 | Create | Villager (Male) |
| 13:51 | Create | Villager (Male) |
| 14:07 | Create | Villager (Male) |
| 14:07 | Create | Villager (Male) |
| 14:11 | Build | Lumber Camp |
| 14:36 | Research | Horse Collar |
| 14:47 | Research | Scale Barding Armor |
| 15:16 | Create | Villager (Male) |
| 15:16 | Create | Villager (Male) |
| 15:22 | Build | Farm |
| 15:24 | Build | Farm |
| 15:29 | Create | Scout Cavalry ×3 |
| 16:26 | Create | Villager (Male) |
| 16:26 | Create | Villager (Male) |
| 16:29 | Build | Farm |
| 16:31 | Build | Farm |
| 16:50 | Create | Villager (Male) |
| 16:52 | Build | Farm |
| 16:55 | Build | Farm |
| 16:56 | Create | Villager (Male) |
| 16:57 | Create | Villager (Male) |
| 16:57 | Create | Villager (Male) |
| 17:07 | Create | Villager (Male) |
| 17:13 | Build | Palisade Gate |
| 17:35 | Build | Farm |
| 18:03 | Build | Farm |
| 18:08 | Build | Market |
| 18:36 | Build | House |
| 18:51 | Create | Villager (Male) |
| 18:57 | Build | House |
| 18:59 | Build | House |
| 19:02 | Build | Palisade Wall |
| 19:04 | Build | Palisade Wall |
| 19:31 | Create | Spearman ×4 |
| 19:31 | Create | Spearman ×4 |
| 20:37 | Build | House |
| 21:46 | Build | House |
| 21:47 | Build | House |
| 22:01 | Research | Castle Age |
| 22:08 | Build | House |
| 22:10 | Build | House |
| 22:18 | Build | House |
| 22:53 | Research | Forging |
| 23:46 | Build | Palisade Gate |
| 23:53 | Build | House |
| 23:57 | Build | Palisade Wall |
| 24:25 | Build | Farm |
| 24:26 | Age | Castle Age |
| 24:49 | Build | Farm |
| 24:51 | Build | Farm |
| 24:52 | Build | Farm |
| 25:02 | Create | Camel Scout ×2 |
| 25:03 | Create | Camel Scout ×2 |
| 25:29 | Build | Town Center |
| 25:34 | Build | Town Center |
| 25:39 | Create | Villager (Male) |
| 25:39 | Create | Villager (Male) |
| 25:39 | Create | Villager (Male) |
| 26:12 | Create | Villager (Male) |
| 26:12 | Create | Villager (Male) |
| 26:30 | Create | Villager (Male) |
| 26:30 | Create | Villager (Male) |
| 26:30 | Create | Villager (Male) |
| 26:38 | Build | Farm |
| 26:38 | Build | Farm |
| 26:38 | Build | Farm |
| 26:39 | Build | Farm |
| 26:39 | Build | Farm |
Build order — 肉蒲豚
First 150 of 300 actions detected
| 0:01 | Research | Loom |
| 0:02 | Create | Villager (Male) ×4 |
| 0:07 | Build | House |
| 0:10 | Build | House |
| 1:40 | Create | Villager (Male) |
| 2:27 | Create | Villager (Male) ×2 |
| 2:28 | Create | Villager (Male) ×2 |
| 3:23 | Create | Villager (Male) ×3 |
| 3:38 | Build | House |
| 3:44 | Build | Palisade Wall |
| 3:50 | Create | Villager (Male) ×2 |
| 4:27 | Build | House |
| 4:31 | Create | Villager (Male) |
| 4:41 | Create | Villager (Male) ×4 |
| 4:41 | Create | Villager (Male) ×4 |
| 5:16 | Build | Mill |
| 5:47 | Create | Villager (Male) ×3 |
| 6:48 | Build | Lumber Camp |
| 7:46 | Research | Feudal Age |
| 8:33 | Build | House |
| 8:49 | Build | Mining Camp |
| 8:52 | Create | Villager (Male) ×3 |
| 9:16 | Build | Barracks |
| 10:08 | Age | Feudal Age |
| 10:24 | Build | Gate |
| 10:29 | Build | Stable |
| 11:22 | Create | Villager (Male) |
| 11:22 | Create | Villager (Male) |
| 11:23 | Create | Villager (Male) |
| 11:47 | Build | Archery Range |
| 12:26 | Build | Mill |
| 12:46 | Build | House |
| 12:50 | Build | House |
| 12:57 | Build | Stone Wall |
| 13:08 | Research | Castle Age |
| 13:49 | Create | Spearman |
| 13:56 | Build | House |
| 13:58 | Build | Stone Wall |
| 14:08 | Create | Spearman |
| 14:12 | Research | Horse Collar |
| 14:30 | Create | Spearman |
| 15:20 | Build | Farm |
| 15:21 | Build | Farm |
| 15:22 | Build | Farm |
| 15:22 | Build | Farm |
| 15:48 | Age | Castle Age |
| 15:55 | Create | Spearman |
| 15:58 | Create | Knight |
| 16:00 | Create | Villager (Male) |
| 16:28 | Build | Farm |
| 16:49 | Build | Farm |
| 16:50 | Build | Farm |
| 16:54 | Create | Villager (Male) |
| 17:04 | Build | Stone Wall |
| 17:50 | Create | Villager (Male) |
| 17:56 | Build | Farm |
| 17:58 | Create | Villager (Male) |
| 18:20 | Create | Knight |
| 18:36 | Build | Farm |
| 18:49 | Create | Villager (Male) |
| 18:56 | Build | Farm |
| 18:59 | Create | Villager (Male) |
| 19:12 | Create | Villager (Male) |
| 19:22 | Create | Villager (Male) |
| 19:35 | Build | Farm |
| 19:45 | Create | Villager (Male) |
| 19:47 | Create | Cavalry Archer |
| 19:54 | Build | Farm |
| 19:56 | Build | Farm |
| 20:06 | Create | Knight |
| 20:27 | Create | Cavalry Archer |
| 20:37 | Create | Villager (Male) |
| 20:42 | Build | Monastery |
| 20:47 | Build | Farm |
| 20:48 | Build | Farm |
| 21:10 | Build | Farm |
| 21:12 | Create | Villager (Male) |
| 21:16 | Build | Farm |
| 21:44 | Create | Villager (Male) |
| 22:03 | Create | Villager (Male) |
| 22:09 | Research | Heavy Plow |
| 22:13 | Create | Villager (Male) |
| 22:15 | Build | Farm |
| 22:16 | Build | Farm |
| 22:18 | Build | Farm |
| 22:20 | Create | Monk |
| 22:36 | Create | Villager (Male) |
| 22:38 | Build | Farm |
| 22:50 | Create | Monk |
| 22:55 | Create | Knight |
| 22:57 | Create | Knight |
| 23:22 | Build | House |
| 23:23 | Build | House |
| 23:24 | Build | House |
| 23:32 | Create | Knight |
| 24:23 | Create | Knight |
| 24:24 | Create | Cavalry Archer |
| 24:27 | Create | Monk |
| 24:59 | Create | Villager (Male) |
| 24:59 | Create | Villager (Male) |
| 25:07 | Build | House |
| 25:08 | Build | House |
| 25:09 | Build | House |
| 25:17 | Create | Knight |
| 25:46 | Research | Double-Bit Axe |
| 25:48 | Create | Villager (Male) |
| 25:48 | Create | Villager (Male) |
| 25:51 | Build | Town Center |
| 26:14 | Create | Villager (Male) |
| 26:15 | Create | Knight |
| 26:30 | Create | Villager (Male) |
| 26:33 | Research | Heavy Plow |
| 26:33 | Research | Bow Saw |
| 26:37 | Build | House |
| 26:48 | Research | Gold Mining |
| 26:50 | Create | Villager (Male) |
| 26:56 | Create | Steppe Lancer |
| 27:20 | Create | Villager (Male) |
| 27:23 | Create | Steppe Lancer |
| 27:25 | Create | Steppe Lancer |
| 27:29 | Create | Villager (Male) |
| 27:30 | Create | Villager (Male) |
| 27:36 | Create | Villager (Male) |
| 27:36 | Create | Villager (Male) |
| 27:41 | Build | House |
| 27:42 | Build | House |
| 28:35 | Create | Villager (Male) |
| 28:36 | Create | Villager (Male) |
| 28:37 | Create | Villager (Male) |
| 28:38 | Create | Steppe Lancer |
| 28:41 | Create | Steppe Lancer |
| 29:09 | Create | Steppe Lancer |
| 29:16 | Create | Scout Cavalry |
| 29:43 | Create | Villager (Male) |
| 29:45 | Create | Villager (Male) |
| 29:48 | Create | Steppe Lancer |
| 30:23 | Create | Villager (Male) |
| 30:24 | Create | Villager (Male) |
| 30:26 | Create | Steppe Lancer |
| 30:46 | Create | Villager (Male) |
| 30:46 | Create | Villager (Male) |
| 31:18 | Build | Castle |
| 31:33 | Create | Villager (Male) |
| 31:34 | Create | Villager (Male) |
| 31:34 | Create | Villager (Male) |
| 31:35 | Create | Villager (Male) |
| 31:42 | Research | Bloodlines |
| 32:22 | Create | Villager (Male) |
| 32:23 | Create | Villager (Male) |
| 32:23 | Create | Villager (Male) |
Match timeline
| 3:44 | 肉蒲豚 · wall_segment Palisade Wall x1 |
| 8:15 | males · first_building Barracks |
| 8:42 | males · wall_segment Palisade Wall x9 |
| 9:16 | 肉蒲豚 · first_building Barracks |
| 10:08 | males · age_up feudal |
| 10:08 | 肉蒲豚 · age_up feudal |
| 10:21 | males · first_building Stable |
| 10:29 | 肉蒲豚 · first_building Stable |
| 11:47 | 肉蒲豚 · first_building Archery Range |
| 12:00 | males · wall_segment Palisade Wall x7 |
| 12:57 | 肉蒲豚 · wall_segment Stone Wall x1 |
| 13:58 | 肉蒲豚 · wall_segment Stone Wall x5 |
| 15:48 | 肉蒲豚 · age_up castle |
| 17:04 | 肉蒲豚 · wall_segment Stone Wall x1 |
| 19:02 | males · wall_segment Palisade Wall x4 |
| 19:04 | males · wall_segment Palisade Wall x3 |
| 20:05 | males · first_market_buy 100 food |
| 20:42 | 肉蒲豚 · first_building Monastery |
| 21:51 | males · first_market_sell 100 wood |
| 23:57 | males · wall_segment Palisade Wall x1 |
| 24:26 | males · age_up castle |
| 28:24 | males · first_building Archery Range |
| 31:18 | 肉蒲豚 · first_building Castle |
| 33:45 | males · first_building Castle |
| 37:38 | 肉蒲豚 · age_up imperial |
| 38:16 | males · first_building Siege Workshop |
| 41:09 | males · age_up imperial |
| 43:30 | males · resign |
[ AI ANALYSIS · 1 CREDIT ]
What really happened in this match?
Wolo.gg analyzes every decision: build order, eco, micro, common mistakes by bracket. Personalized analysis on WhatsApp or Discord in 30 seconds.
Civ guide
Persians
Perfil
Jugador #4692115